 Dungeon Crawl Stone Soup version 0.31-a0-441-g867994ef1c (webtiles) character file.

Game seed: 5772505265761929677

145 gelatine the Chopper (level 5, 0/38 HPs)
             Began as a Demonspawn Gladiator on Aug 2, 2023.
             Slain by an orc
             ... wielding a +3 trident
              (4 damage)
             ... on level 4 of the Dungeon.
             The game lasted 00:06:48 (2656 turns).

gelatine the Chopper (Demonspawn Gladiator)         Turns: 2656, Time: 00:06:49

Health: 0/38       AC:  4    Str: 14 (16) XL:     5   Next: 6%
Magic:  5/5        EV: 12    Int:  7 (10) God:
Gold:   189        SH:  0    Dex: 11 (14) Spells: 4/4 levels left

rFire   . . .        u - +0 broad axe
rCold   . . .        (no shield)
rNeg    . . .        b - +0 leather armour
rPois   .            c - +0 helmet
rElec   .            (no cloak)
rCorr   .            (no gloves)
SInv    .            (no boots)
Will    +....        (no amulet)
Stlth   +            (no ring)
HPRegen 0.26/turn    (no ring)
MPRegen 0.09/turn

%: no passive effects
@: enlightened, flying
A: weakness stinger 1
a: no special abilities


You were on level 4 of the Dungeon.
You visited 1 branch of the dungeon, and saw 4 of its levels.

You collected 189 gold pieces.

Inventory:

Hand Weapons
 a - a +0 war axe
 u - a +0 broad axe (weapon)
Missiles
 d - 2 throwing nets
 e - a javelin
 q - a boomerang (quivered)
Armour
 b - a +0 leather armour (worn)
 c - a +0 helmet (worn)
Jewellery
 r - a ring of magical power
Talismans
 g - a beast talisman
Scrolls
 h - a scroll of acquirement {unknown}
 j - a scroll of noise {unknown}
 k - 2 scrolls of enchant weapon {unknown}
 m - a scroll of enchant armour {unknown}
 n - 4 scrolls of teleportation {unknown}
 s - a scroll of amnesia {unknown}
 v - 3 scrolls of identify {unknown}
 w - a scroll of blinking {unknown}
 y - a scroll of revelation {unknown}
 z - a scroll of torment {unknown}
Potions
 i - a potion of brilliance {unknown}
 l - a potion of berserk rage {unknown}
 o - 2 potions of degeneration
 p - a potion of attraction {unknown}
 t - a potion of heal wounds {unknown}
 x - a potion of might {unknown}
 A - a potion of curing {unknown}


   Skills:
 + Level 2.2 Fighting
 * Level 4.6 Axes
 + Level 1.8 Throwing
 + Level 1.0 Armour
 + Level 3.0 Dodging
 + Level 0.3 Stealth


You had 4 spell levels left.
You didn't know any spells.
Your spell library contained the following spells:

 Spells                   Type           Power      Damage    Failure   Level
 Slow                     Hex            0%         N/A       50%         1
 Confusing Touch          Hex            0%         N/A       86%         3
 Vampiric Draining        Necr           0%         2d6       86%         3


Dungeon Overview and Level Annotations

Branches:
Dungeon (4/15)
 Temple: D:4-7

Altars:

Shops:
D:1 =(:[?


Innate Abilities, Weirdness & Mutations

You have a small tail.


Message History

The orc hits you but does no damage.
You closely miss something.
Your tail-slap misses something.
Something hits you.
The orc hits you from afar with a +3 trident.
You slash something!
Reactivating autopickup.
You feel a bit more experienced.
The orc hits you from afar with a +3 trident.
The orc closely misses you. The orc hits you but does no damage.
You have reached level 5!
You hit the orc.
The orc is severely wounded.
The orc closely misses you.
The orc hits you from afar with a +3 trident.
You hit the orc.
The orc is severely wounded.
The orc hits you with a +0 whip.
The orc hits you from afar with a +3 trident.
* * * LOW HITPOINT WARNING * * *
You hit the orc but do no damage.
Your tail-slap misses the orc.
The orc is severely wounded.
The orc misses you. The orc closely misses you. The orc misses you.
The orc hits you with a +0 whip.
* * * LOW HITPOINT WARNING * * *
You closely miss the orc.
The orc is severely wounded.
The orc closely misses you.
The orc hits you from afar with a +3 trident.
* * * LOW HITPOINT WARNING * * *
The orc attacks as you move away! The orc hits you with a +0 whip.
* * * LOW HITPOINT WARNING * * *
It was a potion of degeneration.
There was something very wrong with that liquid.
You feel weakened.
You feel dopey.
You feel clumsy. The orc misses you. x2
It was a potion of enlightenment.
You feel very buoyant.
You fly up into the air.
The orc hits you but does no damage.
The orc hits you from afar with a +3 trident.
You die...

#. . #. ...
#.#####.....
##.)........
#.##........
##.######....
##.oo## ...
##....o## #
#......@###
#..........## ##
##..........######.#
#............#....#
#.................#
#.......#.........##
#..########).......#
#.. ##.......## #.
#. #.........###.


You could see 3 orcs.

Vanquished Creatures
  An orc wizard (D:4)
  3 adders (D:3)
  A worm (D:2)
  3 dart slugs
  3 orcs
  8 endoplasms
  3 giant cockroaches
  9 goblins
  10 hobgoblins
  2 jackals (D:1)
  3 quokkas
  8 ball pythons
  6 bats
  8 kobolds
  6 rats
74 creatures vanquished.

Notes
Turn   | Place    | Note
-------+----------+-------------------------------------------
     0 | D:1      | gelatine the Demonspawn Gladiator began the quest for the
                  | Orb.
     0 | D:1      | Reached XP level 1. HP: 16/16 MP: 1/1
   102 | D:1      | Reached skill level 3 in Axes
   138 | D:1      | Gained mutation: You have a small tail. [demonic ancestry]
   138 | D:1      | Reached XP level 2. HP: 8/22 MP: 2/2
   254 | D:1      | Found Urapn's Magic Scroll Emporium.
   259 | D:1      | Found Xatyash's Antique Armour Boutique.
   360 | D:1      | Found Luecaets's Book Shop.
   633 | D:1      | Found Osoyr's Jewellery Shop.
   646 | D:1      | Reached XP level 3. HP: 25/27 MP: 3/3
   692 | D:1      | Found Bof Erebb's Weapon Shop.
  1700 | D:3      | Reached skill level 4 in Axes
  1725 | D:3      | Reached XP level 4. HP: 33/33 MP: 4/4
  2208 | D:3      | Reached skill level 1 in Armour
  2646 | D:4      | Reached XP level 5. HP: 18/38 MP: 5/5
  2656 | D:4      | Slain by an orc

Illustrated notes

Levels and vault maps discovered:
D:1:      nzn_arrival_settlement, layout_basic, serial_shops, shop, shop, shop,
          nicolae_shop_crystal, nicolae_shop_statue_plus, minmay_pentomino_w2
D:2:      layout_basic
D:3:      layout_basic, amcnicky_mini_rare_corridor_liquid, moated_statue,
          minmay_goblin_outpost
D:4:      layout_cave_pods, columned_hall_lemuel

Skill      XL: |  1  2  3  4 |
---------------+-------------+-----
Axes           | 3 4 |  4.6
Dodging        | 3 |  3.0
Armour         | 1 |  1.0
Fighting       | |  2.2
Throwing       | |  1.8
Stealth        | |  0.3

Action                     |  1- 3 |  4- 6 || total
---------------------------+-------+-------++-------
  Melee: War axe           |    99 |       ||    99
         Tailslap          |     8 |    11 ||    19
         Broad axe         |    14 |    77 ||    91
  Throw: Throwing net      |     2 |       ||     2
         Boomerang         |     2 |    11 ||    13
    Use: Potion            |       |     2 ||     2
   Stab: Sleeping          |     3 |       ||     3
         Held in net/web   |     2 |       ||     2
 Armour: Leather armour    |    37 |    27 ||    64
  Dodge: Dodged            |    72 |    67 ||   139

Table legend: (Time is in decaauts)
 A = Elapsed time spent in this place.
 B = Non-inter-level travel time spent in this place.
 C = Inter-level travel time spent in this place.
 D = Time resting spent in this place.
 E = Time spent auto-exploring this place.
 F = Levels seen in this place.
 G = Mean time per level.
                   A        B        C        D        E       F      G
               +--------+--------+--------+--------+--------+-----+--------+
         Total |   2725 |   2614 |    111 |      0 |   1960 |   4 |  681.2 |
       Dungeon |   2725 |   2614 |    111 |      0 |   1960 |   4 |  681.2 |
               +--------+--------+--------+--------+--------+-----+--------+

Top non-repeatable levels by time:
     D:1: 1112 daAuts
     D:3: 773 daAuts
     D:2: 601 daAuts
     D:4: 238 daAuts
